 Dungeon Crawl Stone Soup version 0.19-a0-1608-g4cf22de (webtiles) character file.

465 Amnesiac the Twirler (level 6, 0/44 HPs)
             Began as a Mummy Gladiator on Sept 18, 2016.
             Slain by an orc
             ... wielding a +0 short sword
              (2 damage)
             ... on level 3 of the Dungeon.
             The game lasted 00:04:11 (3161 turns).

Amnesiac the Twirler (Mummy Gladiator)              Turns: 3161, Time: 00:04:12

Health: 0/44       AC:  3    Str: 22    XL:     6   Next: 80%
Magic:  6/6        EV: 11    Int:  7    God:
Gold:   136        SH:  0    Dex: 15    Spells: 0 memorised, 5 levels left

rFire  x . .     SeeInvis .     a - +1 quarterstaff
rCold  + . .     Gourm    .     g - +0 scale mail
rNeg   + + +     Faith    .     (shield currently unavailable)
rPois  ∞         Spirit   .     k - -4 helmet "Vifyuhy" {Str+4} (curse)
rElec  .         Dismiss  .     (no cloak)
rCorr  .         Reflect  .     (no gloves)
MR     .....     Harm     .     (no boots)
Stlth  ..........               (no amulet)
                                (no ring)
                                (no ring)

@: no status effects
A: no food or potions, fire vulnerability, cold resistance 1, negative energy
resistance 3, torment resistance, unbreathing
a: no special abilities


You were on level 3 of the Dungeon.
You were not hungry.

You visited 2 branches of the dungeon, and saw 6 of its levels.

You collected 136 gold pieces.

Inventory:

Hand Weapons
 a - a +1 quarterstaff (weapon)
Missiles
 d - 3 throwing nets (quivered)
Armour
 c - a +1 helmet
 g - a +0 scale mail (worn)
 k - the cursed -4 helmet "Vifyuhy" (worn) {Str+4}
   (You found it on level 5 of the Dungeon)

   It affects your strength (+4).
   It has a curse placed upon it.
Scrolls
 b - 2 scrolls of identify
 e - a scroll of teleportation
 i - a scroll of magic mapping


   Skills:
 - Level 2.0 Fighting
 + Level 6.4 Staves
 - Level 1.5 Throwing
 - Level 2.4 Dodging


You had 5 spell levels left.
You didn't know any spells.

Dungeon Overview and Level Annotations

Branches:
Dungeon (5/15)             Temple (1/1) D:5

Altars:
Ashenzari
Cheibriados
Elyvilon
Fedhas
Hepliaklqana
Makhleb
Qazlal
Ru
Sif Muna
Trog
Uskayaw
Vehumet
Yredelemnul
Zin
The Shining One

Annotations:
D:5 1 runed door


Innate Abilities, Weirdness & Mutations

You do not eat or drink.
Your flesh is vulnerable to fire.
You are immune to poison.
Your flesh is cold resistant. (rC+)
You are immune to negative energy. (rN+++)
You are immune to unholy pain and torment.
You can survive without breathing.


Message History

The orc priest hits you with a flail!
* * * LOW HITPOINT WARNING * * *
You hit the orc priest.
You kill the orc priest!
You closely miss the hobgoblin.
The hobgoblin hits you but does no damage.
You hit the hobgoblin.
You kill the hobgoblin!
A gnoll comes into view. It is wielding a halberd.
The kobold shouts!
You barely miss the kobold. The kobold closely misses you.
The orc hits you but does no damage.
You hit the kobold but do no damage.
The gnoll hits you from afar with a halberd.
* * * LOW HITPOINT WARNING * * *
The kobold hits you but does no damage. The orc hits you but does no damage.
You sock the kobold!
You kill the kobold!
The gnoll closely misses you. The orc hits you with a short sword.
You die...

.. #......# .......#
#......# ......?#
#......# ......#
#.....<# ....(#
#......# ....#
#......# ....##
#......# .....##
#####..### >.....##
#.o@†..#
...##...######g####.#
...####..#.....# #.#
.........).....# #.#
....####.#....## #.#
.#######.###### #.#
.# #....# #.# .###
#.oo.# .# .....#....#
.#


You could see a gnoll and an orc.

Vanquished Creatures
  A sky beast (D:5)
  2 crimson imps (D:5)
  2 orc priests
  An orc wizard (D:5)
  5 worker ants (D:4)
  2 adders (D:4)
  A shadow imp (D:5)
  An adder skeleton (D:5)
  An adder zombie (D:4)
  2 worms
  2 dart slugs
  A leopard gecko (D:2)
  10 orcs
  2 bats
  2 giant cockroaches
  2 goblins (D:2)
  2 hobgoblins
  8 jackals
  3 kobolds
  A quokka (D:4)
  A ball python (D:2)
  3 frilled lizards
  A leopard gecko skeleton (D:4)
  3 rats (D:2)
59 creatures vanquished.

Notes
Turn   | Place    | Note
-------+----------+-------------------------------------------
     0 | D:1      | Amnesiac the Mummy Gladiator began the quest for the Orb.
     0 | D:1      | Reached XP level 1. HP: 16/16 MP: 1/1
   176 | D:2      | Reached XP level 2. HP: 22/22 MP: 2/2
   338 | D:2      | Reached skill level 3 in Staves
   479 | D:3      | You fall through a shaft!
   619 | D:4      | Reached XP level 3. HP: 17/27 MP: 3/3
   813 | D:4      | Reached skill level 4 in Staves
   813 | D:4      | Reached XP level 4. HP: 24/33 MP: 4/4
  1384 | D:4      | Found a blossoming altar of Fedhas.
  1515 | D:4      | Reached XP level 5. HP: 38/38 MP: 5/5
  1554 | D:4      | Reached skill level 5 in Staves
  1600 | D:5      | Entered Level 5 of the Dungeon
  1614 | D:5      | Noticed a sky beast
  1651 | D:5      | Killed a sky beast
  1742 | D:5      | Reached XP level 6. HP: 23/44 MP: 6/6
  1917 | D:5      | Found a radiant altar of Vehumet.
  2241 | D:5      | Found a glowing golden altar of the Shining One.
  2241 | D:5      | Found a runed door.
  2241 | D:5      | Noticed an angel
  2262 | D:5      | Reached skill level 6 in Staves
  2409 | D:5      | Got a crude helmet
  2428 | D:5      | Identified the cursed -4 helmet "Vifyuhy" {Str+4} (You found it on level 5 of the Dungeon)
  2519 | D:5      | Found a staircase to the Ecumenical Temple.
  2525 | Temple   | Entered the Ecumenical Temple
  3160 | D:3      | HP: 2/44 [gnoll/halberd (5)]
  3161 | D:3      | Slain by an orc

Vault maps used:
D:1:      minmay_arrival_doors, minmay_liquid_box
D:2:      first_bread
D:3:      nicolae_overflow_crystal_walls, grunt_temple_overflow_cloverleaf,
          grunt_dithmenos_smoke
D:4:      lemuel_crystal_altar
D:5:      lemuel_ratsnest, vehumet_altar_wand_db, lemuel_angel_altar
Temple:   minmay_temple_bridge_abc

Skill      XL: |  1  2  3  4  5  6 |
---------------+-------------------+-----
Staves         | 3 4 5 6 |  6.4
Fighting       | |  2.0
Throwing       | |  1.5
Dodging        | |  2.4

Action                   |  1- 3 |  4- 6 || total
-------------------------+-------+-------++-------
Melee: Quarterstaff      |    56 |   196 ||   252
  Use: Scroll            |       |     5 ||     5
Armor: Leather armour    |     5 |       ||     5
       Scale mail        |    19 |    53 ||    72
Dodge: Dodged            |    28 |    94 ||   122
